Map: Port Aleksander LE

Players

Reynor - Winner!

  • Race: Zerg Zerg
  • Spawn Location: 11:00

HeroMarine

  • Race: Terran Terran
  • Spawn Location: 5:00

Event: 2019 WCS Spring

VOD

Have the link to the VOD?

Description

Time

  • Played on: May 18, 2019, 3:01 p.m.
  • Length: 9:17

All games in this series

Show
View Real Time Build Order
Export as new Build Order

Reynor Zerg - Winner!

Build Orders: Hatch First 

Get SALT Encoding   

  12  0:00  Drone  
  13  0:13  Overlord  
  13  0:18  Drone  
  14  0:31  Drone x2  
  16  0:49  Hatchery  
  15  0:52  Drone  
  15  0:56  Drone  
  17  1:00  Drone  
  18  1:11  Extractor  
  17  1:16  Spawning Pool  
  16  1:19  Drone  
  16  1:23  Drone  
  18  1:28  Drone  
  19  1:39  Drone  
  20  1:50  Drone  
  21  2:04  Queen x2, Zergling x4  
  27  2:20  Hatchery  
  26  2:25  Overlord  
  26  2:27  Drone  
  27  2:40  Drone, Metabolic Boost  
  28  2:44  Drone x2  
  28  2:47  Drone x2  
  32  2:56  Queen  
  34  3:01  Overlord  
  34  3:04  Drone  
  35  3:07  Drone  
  36  3:19  Drone x2  
  38  3:20  Drone, Overlord  
  38  3:21  Drone x2  
  38  3:24  Drone  
  42  3:28  Drone  
  42  3:29  Drone  
  42  3:31  Drone  
  45  3:37  Queen  
  45  3:39  Drone  
  45  3:40  Drone  
  49  3:45  Baneling Nest, Zergling x2  
  49  3:50  Zergling x4  
  49  3:55  Zergling x8  
  55  4:01  Zergling x2  
  54  4:04  Zergling x8  
  54  4:07  Queen  
  56  4:12  Zergling x4  
  55  4:18  Zergling x4  
  55  4:21  Zergling x4  
  55  4:23  Zergling x4  
  57  4:26  Overlord  
  51  4:32  Lair  
  51  4:33  Zergling x2  
  51  4:37  Drone x2  
  53  4:38  Baneling  
  53  4:39  Baneling x2  
  53  4:42  Drone  
  53  4:44  Drone  
  53  4:45  Spore Crawler  
  54  4:47  Queen  
  54  4:51  Drone  
  57  4:53  Zergling x4  
  57  4:58  Baneling  
  57  4:59  Drone x2  
  61  5:00  Drone  
  61  5:05  Extractor, Queen  
  63  5:10  Zergling x6  
  63  5:13  Overlord  
  66  5:17  Overlord  
  66  5:19  Overlord  
  66  5:28  Overlord  
  66  5:31  Queen  
  66  5:33  Zergling x10  
  72  5:39  Nydus Network  
  72  5:40  Zergling x8  
  75  5:47  Zergling x6  
  78  5:50  Zergling x6  
  78  5:56  Zergling x4  
  83  5:58  Queen  
  83  6:00  Overlord  
  85  6:06  Zergling x8  
  89  6:14  Zergling x4  
  89  6:16  Nydus Canal  
  89  6:19  Queen  
  89  6:22  Zergling x10  
  89  6:23  Zergling x2  
  97  6:30  Zergling x4  
  94  6:33  Zergling x2  
  94  6:34  Zergling x4  
  94  6:37  Baneling x2  
  94  6:39  Overseer  
  95  6:42  Zergling x4  
  95  6:46  Zergling x4  
  95  6:50  Nydus Canal  
  95  6:52  Zergling x4  
  97  6:55  Queen  
  97  6:57  Overlord, Queen  
  97  7:00  Overlord  
  98  7:11  Spire  
  98  7:12  Extractor, Baneling x2  
  98  7:13  Baneling x2  
  98  7:15  Drone x3  
  90  7:24  Zergling x10  
  90  7:25  Drone  
  82  7:31  Nydus Canal  
  82  7:33  Drone x3  
  82  7:34  Drone  
  82  7:35  Drone  
  86  7:38  Overlord  
  86  7:40  Drone x2  
  86  7:43  Drone  
  84  7:50  Overlord  
  83  7:56  Drone x2  
  85  7:58  Extractor  
  85  7:59  Extractor  
  85  8:03  Extractor  
  85  8:04  Drone x3  
  85  8:12  Overlord  
  85  8:13  Drone x2  
  85  8:14  Drone  
  85  8:15  Drone  
  85  8:19  Drone x2  
  85  8:24  Overlord  
  78  8:33  Mutalisk x5  
  88  8:34  Mutalisk  
  88  8:39  Drone x3, Hatchery  
  92  8:44  Mutalisk  
  94  8:50  Mutalisk  
  94  8:52  Drone  
  94  8:53  Evolution Chamber  
  94  8:54  Evolution Chamber  
Show
View Real Time Build Order
Export as new Build Order

HeroMarine Terran 

Build Orders: Gas First Reaper Expand, Hellion Opening, Mech 

Get SALT Encoding   

  12  0:00  SCV  
  13  0:12  SCV  
  14  0:20  Supply Depot  
  14  0:24  SCV  
  15  0:28  Refinery  
  15  0:41  SCV  
  16  0:45  Barracks  
  16  0:53  SCV  
  17  1:05  SCV  
  18  1:18  SCV  
  19  1:32  Orbital Command, Reaper  
  20  1:44  Command Center  
  20  1:58  Factory, SCV  
  21  2:05  Barracks Reactor  
  21  2:10  SCV  
  21  2:12  Supply Depot  
  22  2:16  Refinery  
  22  2:23  SCV  
  23  2:35  SCV  
  24  2:47  SCV  
  24  2:48  Hellion x2  
  24  2:49  Reaper  
  30  2:55  Orbital Command  
  30  2:59  SCV  
  30  3:01  Armory  
  31  3:10  Hellion x2  
  31  3:11  SCV  
  36  3:21  Reaper, SCV  
  36  3:23  SCV  
  39  3:29  Supply Depot  
  39  3:31  Hellion  
  39  3:32  Hellion  
  43  3:37  SCV x2  
  45  3:44  Starport  
  45  3:49  SCV  
  45  3:51  SCV  
  45  3:54  Hellion x2  
  51  4:01  SCV  
  52  4:04  SCV  
  52  4:08  Reaper  
  51  4:13  SCV  
  51  4:16  Hellion  
  54  4:21  Supply Depot  
  54  4:25  Hellion  
  54  4:26  SCV x2  
  51  4:33  Supply Depot  
  51  4:34  Terran Vehicle And Ship Armor Level 1  
  50  4:39  SCV x2  
  50  4:41  Starport Tech Lab  
  52  4:47  Hellion  
  52  4:50  Command Center  
  52  4:51  SCV x2  
  52  4:58  Hellion x2  
  56  5:03  Banshee, Cloaking Field, SCV x2  
  61  5:07  Refinery  
  61  5:12  Refinery  
  61  5:15  SCV x2  
  61  5:19  Hellion  
  61  5:20  Hellion  
  67  5:23  Marine  
  67  5:26  Factory, Supply Depot  
  68  5:28  SCV x2  
  70  5:41  Factory  
  70  5:46  Supply Depot  
  70  5:47  Banshee  
  70  5:48  Hellion, SCV x2  
  77  5:59  Factory  
  77  6:00  SCV  
  77  6:02  Hellion, SCV  
  77  6:03  Factory  
  81  6:04  Orbital Command  
  81  6:12  Factory Tech Lab, Hellion, SCV  
  81  6:14  SCV  
  81  6:24  Hellion, SCV  
  84  6:26  SCV  
  84  6:27  Factory Tech Lab  
  84  6:30  Raven, Terran Vehicle And Ship Armor Level 2  
  86  6:32  SCV  
  86  6:33  Hellion  
  86  6:36  SCV  
  86  6:42  Cyclone  
  79  6:48  Hellion  
  79  6:49  Hellbat, Hellion  
  83  7:03  Hellion  
  85  7:09  Hellion  
  85  7:11  Hellion x2  
  85  7:14  Hellbat  
  88  7:26  SCV x2  
  77  7:30  Hellion  
  77  7:31  Hellion  
  77  7:32  Hellion  
  77  7:35  Siege Tank  
  77  7:38  SCV x2  
  77  7:43  Hellbat  
  74  7:48  Orbital Command  
  74  7:52  Hellion x2  
  74  7:53  Hellion  
  78  7:59  Raven  
  78  8:00  SCV x2  
  78  8:05  Hellion  
  77  8:23  Hellion x2  
  77  8:24  Factory Tech Lab  
  76  8:29  Hellion  
  78  8:34  Supply Depot  
  78  8:36  Supply Depot  
  78  8:39  Hellion x8  
  78  8:44  Orbital Command  
  78  8:46  Supply Depot  
  78  8:56  Hellion  
  93  9:14  Refinery  
Tags
 
Add a new tag
Caveats
  • Supply blocks, unpowered buildings, or Contaminate may cause inaccurate times.
  • Supply counts are checked every 10 seconds.